 Dungeon Sprint DCSS version 0.30.1-11-g7821555f0a (webtiles) character file.

Game seed: 18159071397384058466

1740 Heoruswealwe the Impaler (level 8, -1/84 HPs)
             Began as a Minotaur Fighter on Nov 7, 2023.
             Was an Initiate of Gozag.
             Slain by a skeletal warrior
             ... wielding a +0 trident
              (15 damage)
             ... in the Dungeon (Sprint IX: "|||||||||||||||||||||||||||||").
             The game lasted 00:02:44 (329 turns).

Heoruswealwe the Impaler (Minotaur Fighter)          Turns: 329, Time: 00:02:44

Health: -1/84      AC: 15    Str: 22    XL:     8   Next: 77%
Magic:  7/7        EV:  9    Int:  5    God:    Gozag
Gold:   486        SH:  0    Dex: 11    Spells: 7/7 levels left

rFire   x . .        b - +2 halberd "Reafus" {vamp, rPois rF- Will+}
rCold   . . .        (shield currently unavailable)
rNeg    . . .        c - +1 chain mail
rPois   +            (helmet restricted)
rElec   .            h - +0 cloak
rCorr   .            (no gloves)
SInv    .            (no boots)
Will    +....        (no amulet) Stlth
                     (no ring)
HPRegen 0.34/turn    (no ring)
MPRegen 0.10/turn

%: no teleportation
@: gold aura
A: horns 2, retaliatory headbutt
a: Renounce Religion, Potion Petition, Call Merchant, Bribe Branch


You were in the Dungeon.
You worshipped Gozag.
Gozag was aware of your devotion.
You visited 1 branch You collected 486 gold pieces.

Inventory:

Hand Weapons
 a - a +0 trident
 b - the +2 halberd "Reafus" (weapon) {vamp, rPois rF- Will+}
   (You found it in the Dungeon)

   rF:        It makes you vulnerable to fire.
   rPois:     It protects you from poison.
   Will:      It increases your willpower.
Armour
 c - a +1 chain mail (worn)
 d - a +0 buckler
 h - a +0 cloak (worn)
Wands
 m - a wand of light (10)
Scrolls
 j - 2 scrolls of blinking
Potions
 e - 4 potions of curing
 f - 2 potions of heal wounds
 g - a potion of haste
 i - a potion of berserk rage
 k - a potion of might


   Skills:
 + Level 12.3 Fighting
 * Level 16.4 Polearms
 + Level 12.3 Armour
 - Level 3.6 Shields


You had 7 spell levels left.
You didn't know any spells.
Your spell library was empty.

Dungeon Overview and Level Annotations

Branches:
Dungeon (1/1)

Altars:
Cheibriados
Dithmenos
Elyvilon
Fedhas
Gozag
Hepliaklqana
Kikubaaqudgha
Makhleb
Nemelex Xobeh
Okawaru
Qazlal
Ru
Sif Muna
Trog
Uskayaw
Vehumet
Wu Jian
Xom
Yredelemnul
Zin
The Shining One
Jiyva
Lugonu


Innate Abilities, Weirdness & Mutations

You have a pair of horns on your head.
You reflexively headbutt those who attack you in melee.


Message History

You hit the skeletal warrior but do no damage.
Your headbutt misses the skeletal warrior.
The skeletal warrior hits you with a +0 trident!!
* * * LOW HITPOINT WARNING * * *
You impale the skeletal warrior!!
Your headbutt misses the skeletal warrior.
The skeletal warrior is heavily damaged.
The centaur warrior is no longer distracted by gold.
You hit the skeletal warrior but do no damage.
The skeletal warrior is heavily damaged.
The skeletal warrior is distracted by your dazzling golden aura.
You barely miss the skeletal warrior.
The skeletal warrior is no longer distracted by gold.
The skeletal warrior is heavily damaged.
The skeletal warrior hits you with a +0 trident!
* * * LOW HITPOINT WARNING * * *
You closely miss the skeletal warrior.
Your headbutt misses the skeletal warrior.
The skeletal warrior is heavily damaged.
You closely miss the skeletal warrior.
Your headbutt misses the skeletal warrior.
The skeletal warrior is heavily damaged.
The skeletal warrior closely misses you.
You furiously retaliate!
You headbutt the skeletal warrior. You closely miss the skeletal warrior.
The skeletal warrior is heavily damaged.
The skeletal warrior hits you but does no damage.
You hit the skeletal warrior.
You headbutt the skeletal warrior, but do no damage.
The skeletal warrior is heavily damaged.
You slash the skeletal warrior!
Your headbutt misses the skeletal warrior.
The skeletal warrior is severely damaged.
The skeletal warrior is distracted by your dazzling golden aura.
You completely miss the skeletal warrior.
The skeletal warrior is no longer distracted by gold.
The skeletal warrior is severely damaged.
The skeletal warrior hits you with a +0 trident!
You die...
Your body crumbles into a pile of gold. $$$$$

$ $ $ $$$ $
▓▓▓▓▓▓▓▓▓▓▓▓▓▓▓▓▓▓▓▓▓▓▓
+..{cz@$....).)..==[[)?
▓▓▓▓▓▓▓▓▓▓▓▓▓▓▓▓▓▓▓▓▓▓▓


You could see a skeletal warrior and a centaur warrior.

Vanquished Creatures
  A centaur warrior (D)
  A gargoyle (D)
  An unseen horror (D)
  A troll (D)
  A vampire (D)
  A vampire mosquito (D)
  A kobold brigand (D)
  A howler monkey (D)
  An orc wizard (D)
  3 adders (D)
  An ufetubus (D)
  A bat (D)
  A goblin (D)
  2 hobgoblins (D)
  2 quokkas (D)
19 creatures vanquished.

Notes
Turn   | Place    | Note
-------+----------+-------------------------------------------
     0 | D        | Heoruswealwe the Minotaur Fighter began the quest for the
                  | Orb.
     0 | D        | Reached XP level 1. HP: 19/19 MP: 0/0
     8 | D        | Reached skill level 3 in Polearms
    17 | D        | Reached skill level 4 in Polearms
    25 | D        | Reached XP level 2. HP: 28/28 MP: 1/1
    35 | D        | Reached skill level 5 in Fighting
    35 | D        | Reached skill level 5 in Polearms
    35 | D        | Reached skill level 5 in Armour
    36 | D        | Reached XP level 3. HP: 29/36 MP: 2/2
    43 | D        | Reached skill level 6 in Polearms
    49 | D        | Found a snail-covered altar of Cheibriados.
    49 | D        | Found a shadowy altar of Dithmenos.
    49 | D        | Found a white marble altar of Elyvilon.
    49 | D        | Found a blossoming altar of Fedhas.
    49 | D        | Found an opulent altar of Gozag.
    50 | D        | Found a hazy altar of Hepliaklqana.
    51 | D        | Found a viscous altar of Jiyva.
    52 | D        | Found an ancient bone altar of Kikubaaqudgha.
    53 | D        | Found a corrupted altar of Lugonu.
    54 | D        | Found a burning altar of Makhleb.
    55 | D        | Found a sparkling altar of Nemelex Xobeh.
    56 | D        | Found an iron altar of Okawaru.
    57 | D        | Found a stormy altar of Qazlal.
    59 | D        | Became a worshipper of Gozag Ym Sagoz the Greedy
    61 | D        | Found a sacrificial altar of Ru.
    62 | D        | Found a shimmering blue altar of Sif Muna.
    63 | D        | Found a bloodstained altar of Trog.
    64 | D        | Found a hide-covered altar of Uskayaw.
    65 | D        | Found a radiant altar of Vehumet.
    66 | D        | Found an ornate altar of the Wu Jian Council.
    67 | D        | Found a shimmering altar of Xom.
    68 | D        | Found a basalt altar of Yredelemnul.
    69 | D        | Found a glowing silver altar of Zin.
    70 | D        | Found a glowing golden altar of the Shining One.
    86 | D        | Got the +2 halberd "Reafus" {vamp, rPois rF- Will+}
   144 | D        | Noticed a kobold brigand
   144 | D        | Noticed a gargoyle
   144 | D        | Noticed a troll
   148 | D        | Killed an unseen horror
   149 | D        | Reached skill level 11 in Polearms
   149 | D        | Reached XP level 4. HP: 27/49 MP: 3/3
   149 | D        | Reached XP level 5. HP: 31/56 MP: 4/4
   149 | D        | Reached XP level 6. HP: 34/62 MP: 5/5
   155 | D        | Killed a troll
   156 | D        | Reached skill level 12 in Polearms
   156 | D        | Reached XP level 7. HP: 27/71 MP: 6/6
   161 | D        | Killed a gargoyle
   162 | D        | Reached skill level 10 in Fighting
   162 | D        | Reached skill level 14 in Polearms
   162 | D        | Reached skill level 10 in Armour
   303 | D        | Noticed a vampire
   303 | D        | Noticed a centaur warrior
   303 | D        | Noticed a skeletal warrior
   303 | D        | Noticed a vampire
   303 | D        | Noticed a vampire mosquito
   303 | D        | Noticed a centaur warrior
   308 | D        | Killed a centaur warrior
   309 | D        | Reached skill level 15 in Polearms
   309 | D        | Reached XP level 8. HP: 72/83 MP: 7/7
   313 | D        | Reached skill level 16 in Polearms
   329 | D        | Slain by a skeletal warrior

Illustrated notes

Levels and vault maps discovered:
D:        linesprint [early_d, line_temple, items_1, d_10, items_2, lair_1,
          lair_end, items_3, orc_1, orc_end, items_4, d_15, swamp_1, shoals_1,
          snake_1, spider_1, d_20, vaults_1, items_5, swamp_end, shoals_end,
          snake_end, spider_end, vaults_end, d_27, items_6, zot_1, zot_end,
          crypt_end, forest_end, elf_end, slime_end, tomb_end, abyss_end,
          pan_hell_end]

Skill      XL: |  1  2  3  4  5  6  7  8 |
---------------+-------------------------+-----
Polearms       | 4 5 11 12 15 16 | 16.4
Fighting       | 4 5 8 9 12 | 12.3
Armour         | 4 5 8 9 12 | 12.3
Shields        | |  3.6

Action                     |  1- 3 |  4- 6 |  7- 9 || total
---------------------------+-------+-------+-------++-------
  Melee: Trident           |    31 |       |       ||    31
         Headbutt          |     5 |       |     3 ||     8
         Halberd           |     4 |     7 |    36 ||    47
    Use: Potion            |       |       |     2 ||     2
 Armour: Scale mail        |    21 |       |       ||    21
         Chain mail        |     3 |     6 |    15 ||    24
  Dodge: Dodged            |    15 |     6 |     8 ||    29
  Block: Buckler           |     5 |       |       ||     5
